 Dungeon Crawl Stone Soup version 0.30-a0-55-g90e3122c3a (webtiles) character file.

Game seed: 7325606445122711205

711 Decritt the Trooper (level 7, 0/47 HPs)
             Began as a Gargoyle Fighter on Sept 9, 2022.
             Slain by a gnoll bouda
             ... wielding a +0 whip
              (6 damage)
             ... on level 3 of the Dungeon.
             The game lasted 00:09:16 (5127 turns).

Decritt the Trooper (Gargoyle Fighter)              Turns: 5127, Time: 00:09:16

Health: 0/47       AC: 20    Str: 21    XL:     7   Next: 68%
Magic:  7/7        EV:  6    Int:  9    God:
Gold:   234        SH: 12    Dex:  9    Spells: 6/6 levels left

rFire   . . .      SeeInvis .    p - +0 hammer
rCold   . . .      Faith    .    u - +0 tower shield
rNeg    + . .      Spirit   .    b - +0 scale mail
rPois   ∞          Reflect  .    d - +0 helmet
rElec   +          Harm     .    o - +0 cloak
rCorr   .          Rampage  .    w - +0 pair of gloves
Will    .....                    (no boots)
Stlth   ..........               (no amulet)
HPRegen 0.15/turn                h - +4 ring of protection
MPRegen 0.10/turn                (no ring)

@: no status effects
A: sickness immunity, AC +4, negative energy resistance 1, electricity
resistance, torment resistance 1, petrification resistance
a: no special abilities


You were on level 3 of the Dungeon.
You visited 1 branch of the dungeon, and saw 6 of its levels.

You collected 234 gold pieces.

Inventory:

Hand Weapons
 p - a +0 hammer (weapon)
Missiles
 x - 3 boomerangs (quivered)
Armour
 b - a +0 scale mail (worn)
 d - a +0 helmet (worn)
 o - a +0 cloak (worn)
 u - a +0 tower shield (worn)
 w - a +0 pair of gloves (worn)
Jewellery
 a - an amulet of magic regeneration
 h - a +4 ring of protection (left hand)
 A - a +6 ring of intelligence
Wands
 q - a wand of paralysis (9)
Scrolls
 k - a scroll of poison
 r - 2 scrolls of identify
Potions
 e - 3 potions of invisibility
 g - 3 potions of curing
 j - a potion of haste
 l - a potion of attraction {unknown}
 v - 3 potions of lignification
 z - a potion of ambrosia {unknown}


   Skills:
 * Level 6.4 Fighting
 * Level 4.3 Maces & Flails
 + Level 5.7 Armour
 + Level 4.4 Shields


You had 6 spell levels left.
You didn't know any spells.
Your spell library contained the following spells:

 Spells                   Type           Power      Damage    Failure   Level
 Magic Dart               Conj           0%         1d3       100%        1
 Slow                     Hex            0%         N/A       100%        1
 Sting                    Tmut/Pois      0%         1d3       100%        1
 Call Imp                 Summ           0%         N/A       100%        2
 Poisonous Vapours        Pois/Air       0%         N/A       100%        2
 Confusing Touch          Hex            0%         N/A       100%        3
 Mephitic Cloud           Conj/Pois/Air  0%         N/A       100%        3
 Vampiric Draining        Necr           0%         2d6       100%        3
 Olgreb's Toxic Radiance  Pois           0%         N/A       100%        4


Dungeon Overview and Level Annotations

Branches:
Dungeon (6/15)
 Temple: D:4-7

Altars:


Innate Abilities, Weirdness & Mutations

You are immune to sickness and miasma.
Your stone body is resilient. (AC +4)
You are immune to poison.
You resist negative energy. (rN+)
You are resistant to electric shocks. (rElec)
You are resistant to unholy torment.
You are immune to petrification.


Message History

The gnoll's wounds heal themselves!
You block the iguana's attack. The gnoll barely misses you.
The gnoll hits you from afar with a +0 spear.
* * * LOW HITPOINT WARNING * * *
You closely miss the gnoll.
The gnoll is no longer moving quickly.
The gnoll barely misses you. You block the iguana's attack.
The gnoll bouda hits you but does no damage.
You block the gnoll's attack. The gnoll closely misses you.
The gnoll bouda hits you with a +0 whip!
* * * LOW HITPOINT WARNING * * *
The gnoll hits you but does no damage. You block the iguana's attack.
You thump the gnoll!
The gnoll is heavily wounded.
Your attacks no longer feel as feeble.
The gnoll is no longer moving quickly.
The gnoll completely misses you. You block the gnoll's attack. x2
The gnoll bouda hits you with a +0 whip.
* * * LOW HITPOINT WARNING * * *
The iguana barely misses you. The gnoll hits you but does no damage.
You feel better.
The gnoll is no longer moving quickly.
The gnoll barely misses you. The gnoll hits you but does no damage.
You block the iguana's attack.
The gnoll bouda barks out a call to the hunt!
The gnolls pick up the pace!
The gnoll hits you but does no damage. The gnoll closely misses you.
The gnoll hits you but does no damage.
The iguana bites you but does no damage.
You block the gnoll bouda's attack.
The gnoll hits you from afar with a +0 spear.
* * * LOW HITPOINT WARNING * * *
A mysterious force pulls you upwards. The hatch slams shut behind you.
You are too injured to fight recklessly!
You hit the gnoll bouda.
The gnoll bouda is heavily wounded.
The gnoll hits you but does no damage.
The iguana bites you but does no damage.
You block the gnoll bouda's attack. You block the gnoll's attack.
The iguana barely misses you.
The gnoll bouda hits you with a +0 whip.
You die...

####### ##.....## ##.......##
#....>....#### #.8....)8....#
###.........##.# #.....8.8...##.#
## #####.#.....g@l.##.# #.
#.......8...g.8.##.##########.
####.#####....>....#...#......†..
...^......#.......#.......######.
####.#######.....###...#.## #.
.....# #########....#########
#############.###>...............
.## #...........#####.#########
..#####.#####.###.# #.#


You could see a gnoll bouda, an iguana and a gnoll (swift).

Vanquished Creatures
  The ghost of Yosebu the Chopper, an amateur HOMo (D:3)
  A phantom (D:4)
  2 scorpions
  A gnoll bouda (D:6)
  2 hounds (D:4)
  An orc priest (D:3)
  Crazy Yiuf (D:2)
  An orc wizard (D:4)
  2 iguanas
  4 gnolls (D:6)
  8 adders
  A worm (D:3)
  3 dart slugs
  9 orcs
  8 ball pythons
  9 endoplasms
  4 giant cockroaches
  4 goblins
  5 hobgoblins
  4 jackals (D:1)
  8 kobolds
  2 quokkas
  11 bats
  2 frilled lizards (D:1)
  6 rats
100 creatures vanquished.

Notes
Turn   | Place    | Note
-------+----------+-------------------------------------------
     0 | D:1      | Decritt the Gargoyle Fighter began the quest for the Orb.
     0 | D:1      | Reached XP level 1. HP: 14/14 MP: 1/1
   248 | D:1      | Reached XP level 2. HP: 15/19 MP: 2/2
   933 | D:1      | Reached XP level 3. HP: 9/24 MP: 3/3
  1340 | D:2      | Reached skill level 4 in Fighting
  1534 | D:2      | Reached XP level 4. HP: 29/29 MP: 4/4
  1622 | D:2      | Found a runed translucent door.
  1623 | D:2      | Noticed Crazy Yiuf
  1632 | D:2      | Killed Crazy Yiuf
  2452 | D:3      | Reached XP level 5. HP: 4/34 MP: 5/5
  2897 | D:3      | You fall into a shaft and drop 3 floors!
  3052 | D:6      | Reached skill level 5 in Fighting
  3052 | D:6      | Reached skill level 5 in Armour
  3052 | D:6      | Reached XP level 6. HP: 40/40 MP: 6/6
  3249 | D:5      | Entered Level 5 of the Dungeon
  3819 | D:3      | Reached XP level 7. HP: 45/45 MP: 7/7
  4018 | D:3      | Reached skill level 6 in Fighting
  4112 | D:3      | Found a large runed translucent door.
  4115 | D:3      | Found a large runed translucent door.
  4116 | D:3      | Noticed Yosebu's ghost (amateur HOMo)
  4158 | D:3      | Killed Yosebu's ghost
  5127 | D:3      | Slain by a gnoll bouda

Illustrated notes

Levels and vault maps discovered:
D:1:      saegor_arrival_simple_b, layout_loops_ring
D:2:      minmay_recursive_quarters, layout_basic,
          chequers_serial_rivers_large_a, uniq_crazy_yiuf_cottage
D:3:      layout_loops_ring, ebering_ghost_disaster_area, grunt_ministairs_10,
          roderic_batcave
D:4:      layout_cave_pools, kennysheep_potato
D:5:      layout_loops_cross, ebering_ghost_sewer_d, serial_glass,
          glass_columns_c, glass_columns_a, due_unseen_surprise
D:6:      layout_loops_ring, temple_green, nicolae_eternal_life,
          lemuel_flame_loot_1, uniq_maggie, uniq_blork_the_orc

Skill      XL: |  1  2  3  4  5  6  7 |
---------------+----------------------+-----
Fighting       | 4 5 6 |  6.4
Armour         | 4 5 |  5.7
Maces & Flails | 3 4 |  4.3
Shields        | 4 |  4.4

Action                   |  1- 3 |  4- 6 |  7- 9 || total
-------------------------+-------+-------+-------++-------
Melee: Flail             |   115 |     6 |       ||   121
       Mace              |       |   150 |   129 ||   279
Throw: Boomerang         |       |     9 |    38 ||    47
  Use: Potion            |       |     2 |     2 ||     4
       Scroll            |       |       |    12 ||    12
Armor: Scale mail        |    68 |   119 |   100 ||   287
Dodge: Dodged            |    62 |    73 |    49 ||   184
Block: Buckler           |    27 |    15 |       ||    42
       Tower shield      |       |    87 |   137 ||   224

Table legend: (Time is in decaauts)
 A = Elapsed time spent in this place.
 B = Non-inter-level travel time spent in this place.
 C = Inter-level travel time spent in this place.
 D = Time resting spent in this place.
 E = Time spent auto-exploring this place.
 F = Levels seen in this place.
 G = Mean time per level.
                   A        B        C        D        E       F      G
               +--------+--------+--------+--------+--------+-----+--------+
         Total |   5354 |   5224 |    130 |   1248 |   2880 |   6 |  892.3 |
       Dungeon |   5354 |   5224 |    130 |   1248 |   2880 |   6 |  892.3 |
               +--------+--------+--------+--------+--------+-----+--------+

Top non-repeatable levels by time:
     D:3: 1641 daAuts
     D:1: 1224 daAuts
     D:2: 1102 daAuts
     D:4: 1004 daAuts
     D:6: 371 daAuts
     D:5: 8 daAuts
